 Dungeon Crawl Stone Soup version 0.30-a0-743-gbfdf073431 (webtiles) character file.

Game seed: 12959571202336987983

6511 octoduck the Nimble (level 10, -7/50 HPs)
             Began as a Deep Elf Fire Elementalist on Feb 7, 2023.
             Was an Elder of Sif Muna.
             Killed from afar by Lodul (25 damage)
             ... with a bolt of lightning
             ... on level 10 of the Dungeon.
             The game lasted 00:55:59 (15868 turns).

octoduck the Nimble (Deep Elf Fire Elementalist)   Turns: 15868, Time: 00:55:59

Health: -7/50      AC:  8    Str:  5    XL:     10   Next: 69%
Magic:  17/25      EV: 18    Int: 23    God:    Sif Muna [****..]
Gold:   630        SH:  5    Dex: 17    Spells: 2/15 levels left

rFire   . . .      SeeInvis .    i - +2 whip "Kasme" {heavy, Will+}
rCold   . . .      Faith    .    (no shield)
rNeg    . . .      Spirit   .    a - +0 robe
rPois   .          Reflect  +    j - +0 helmet
rElec   .          Harm     .    u - +0 cloak
rCorr   +          Rampage  .    x - +2 pair of gloves
Will    ++...                    w - +0 pair of boots
Stlth   +++                      k - amulet of reflection
HPRegen 0.28/turn                m - ring of resist corrosion
MPRegen 0.19/turn                J - ring of magical power

@: no status effects
A: no striking features
a: Renounce Religion, Channel Magic, Forget Spell, Divine Exegesis


You were on level 10 of the Dungeon.
You worshipped Sif Muna.
Sif Muna was greatly pleased with you.
You visited 2 branches of the dungeon, and saw 11 of its levels.
You also visited: Ossuary.

You collected 630 gold pieces.

Inventory:

Hand Weapons
 e - a +0 short sword
 i - the +2 whip "Kasme" (weapon) {heavy, Will+}
   (You found it on level 5 of the Dungeon)

   Will:      It increases your willpower.
 o - a +0 falchion
 P - a +1 dagger of speed
Missiles
 B - a throwing net
Armour
 a - a +0 robe (worn)
 j - a +0 helmet (worn)
 u - a +0 cloak (worn)
 w - a +0 pair of boots (worn)
 x - a +2 pair of gloves (worn)
Magical Staves
 p - a staff of air
Jewellery
 k - an amulet of reflection (around neck)
 m - a ring of resist corrosion (left hand)
 t - a ring of ice
 A - a ring of flight
 G - a ring of positive energy
 J - a ring of magical power (right hand)
 K - a +6 ring of strength
 O - a ring of willpower
Wands
 F - a wand of flame (39)
 H - a wand of roots (22)
 L - a wand of polymorph (16)
 M - a wand of charming (2)
Scrolls
 f - 4 scrolls of fog
 h - 3 scrolls of teleportation
 q - 6 scrolls of immolation
 y - 3 scrolls of amnesia
 E - 2 scrolls of blinking
 I - a scroll of enchant armour
 N - a scroll of fear
 Q - a scroll of brand weapon {unknown}
Potions
 b - 2 potions of magic
 c - 3 potions of lignification
 d - a potion of heal wounds
 g - a potion of attraction {unknown}
 l - a potion of curing
 n - 2 potions of might
 r - 3 potions of haste
 s - a potion of cancellation {unknown}
 v - 2 potions of resistance
 z - a potion of flight {unknown}
 C - 2 potions of berserk rage
 D - 2 potions of mutation


   Skills:
 - Level 2.3 Armour
 - Level 10.1 Dodging
 + Level 5.7 Stealth
 - Level 3.0 Spellcasting
 - Level 8.2 Conjurations
 - Level 4.2 Summonings
 - Level 4.1 Translocations
 + Level 9.9 Fire Magic
 - Level 3.7 Air Magic


You had 2 spell levels left.
You knew the following spells:

 Your Spells              Type           Power      Damage    Failure   Level
a - Foxfire               Conj/Fire      100%       2x1d9     1%          1
b - Scorch                Fire           98%        2d9       1%          2
c - Flame Wave            Conj/Fire      45%        2d12      2%          4
d - Call Canine Familiar  Summ           22%        N/A       6%          3
e - Kindle Blastsparks    Fire/Tloc/Air  60%        2d15      3%          3

Your spell library contained the following spells:

 Spells                   Type           Power      Damage    Failure   Level
 Magic Dart               Conj           100%       1d8       1%          1
 Summon Small Mammal      Summ           88%        N/A       1%          1
 Searing Ray              Conj           82%        2d7       1%          2
 Apportation              Tloc           44%        N/A       2%          1
 Necrotise                Necr           12%        1d4       12%         1
 Sandblast                Erth           6%         2d5       12%         1
 Passwall                 Tmut/Erth      2%         N/A       17%         2
 Inner Flame              Hex/Fire       26%        N/A       4%          3
 Gell's Gravitas          Tloc           22%        N/A       6%          3
 Stone Arrow              Conj/Erth      44%        3d9       6%          3
 Teleport Other           Tloc           22%        N/A       6%          3
 Portal Projectile        Hex/Tloc       24%        N/A       16%         3
 Fulminant Prism          Conj/Hex       11%        3d9       22%         4
 Manifold Assault         Tloc           22%        N/A       22%         4
 Arcjolt                  Conj/Air       15%        1d25      28%         5
 Tukima's Dance           Hex            3%         N/A       34%         3
 Leda's Liquefaction      Hex/Erth       1%         N/A       75%         4
 Silence                  Hex/Air        5%         N/A       83%         5
 Blade Hands              Tmut           1%         N/A       97%         5
 Dispersal                Tloc           11%        N/A       97%         6


Dungeon Overview and Level Annotations

Branches:
Dungeon (10/15)            Temple (0/1) D:6            Lair (1/5) D:9
Ossuary (visited)
    Orc: D:9-12

Altars:
Ashenzari
Cheibriados
Dithmenos
Elyvilon
Gozag
Kikubaaqudgha
Makhleb
Nemelex Xobeh
Qazlal
Ru
Sif Muna
Trog
Wu Jian
Yredelemnul
The Shining One

Annotations:
D:3 circle of trees -- how to access?
D:10 Lodul


Message History

The concussive blast engulfs your foxfire.
Your foxfire completely resists.
Your foxfire is knocked back by the blast.
You start resting.
Your foxfire dissipates!
You start resting.
Magic restored.
Things that are here:
a +0 giant club; an ogre corpse
There is a stone staircase leading up here.
Found a stone staircase leading down.
There is a stone staircase leading up here.
Lodul is nearby!
Casting: Foxfire (safe; 1% risk of failure)
Confirm with . or Enter, or press ? or * to list all spells.
A cloud of volatile blastsparks flares up around you!
Lodul shouts!
You hear a shout!
Electricity crackles from Lodul's apparatus.
The bolt of lightning misses you.
Casting: Kindle Blastsparks (dangerous; 3% risk of failure)
Confirm with . or Enter, or press ? or * to list all spells.
You conjure some foxfire!
The foxfire hits Lodul.
Lodul is lightly wounded.
The foxfire hits Lodul.
Lodul is lightly wounded.
Casting: Foxfire (safe; 1% risk of failure)
Confirm with . or Enter, or press ? or * to list all spells.
A cloud of volatile blastsparks flares up around you!
Lodul stamps his feet.
Casting: Kindle Blastsparks (dangerous; 3% risk of failure)
Confirm with . or Enter, or press ? or * to list all spells.
A cloud of volatile blastsparks flares up around you!
Electricity crackles from Lodul's apparatus.
The bolt of lightning hits you!!
Ouch! That really hurt!
Electricity crackles from Lodul's apparatus.
The bolt of lightning hits you!!
Ouch! That really hurt!
You die...

#######.........#####.......
###..§........# ##.......
#.....OO.....## #..###...
#...........>####..#####_
#..............##..###...
##..#...§......##...O....
####..........#.........
##....#...............##
##.....#@.##..###......#.
##.....##...#...........##
#......###............####
##...#####....#.......#
#...##.....).#....####
######......####.## ##..<.##
### ###.## ###


You could see Lodul and an ogre.

Vanquished Creatures
  Pikel (D:9)
  A komodo dragon (D:9)
  A slime creature (D:8)
  Sigmund (D:3)
  2 wyverns (D:9)
  7 yaks
  A wraith (D:8)
  Menkaure (Ossuary)
  Grum (D:9)
  A steam dragon (D:8)
  An acid dragon (D:10)
  2 orc warriors
  An ice beast (D:8)
  A sky beast (D:7)
  A black bear (D:6)
  3 ogres
  A lemure (D:9)
  4 wolves
  2 phantoms
  2 kobold brigands (D:7)
  A gnoll sergeant (D:9)
  A bullfrog (D:6)
  3 elf skeletons (D:6)
  2 scorpions
  5 killer bees
  6 howler monkeys
  4 quasits
  2 human zombies (D:6)
  3 orc priests
  A gnoll bouda (D:8)
  2 hounds
  3 jellies
  3 iguanas
  Terence (D:3)
  6 human skeletons (D:6)
  10 orc wizards
  3 mummies (Ossuary)
  9 gnolls
  3 adders
  3 shadow imps (D:7)
  3 white imps
  4 ufetubi
  38 orcs
  9 endoplasms
  A giant cockroach (D:1)
  7 gnoll zombies (Ossuary)
  9 goblins
  13 hobgoblins
  6 jackals
  8 quokkas
  4 ball pythons
  13 bats
  A frilled lizard (D:3)
  4 gnoll skeletons (Ossuary)
  5 goblin skeletons (Ossuary)
  A goblin zombie (Ossuary)
  5 hobgoblin skeletons (Ossuary)
  7 hobgoblin zombies (Ossuary)
  7 kobolds
  5 kobold skeletons (Ossuary)
  3 kobold zombies (Ossuary)
  2 orc skeletons (Ossuary)
  5 orc zombies (Ossuary)
  9 rats
  4 rat skeletons (Ossuary)
  2 rat zombies (Ossuary)
281 creatures vanquished.

Vanquished Creatures (collateral kills)
  2 foxfires (D:3)
2 creatures vanquished.

Vanquished Creatures (others)
  An orc wizard (D:8)
  A butterfly (D:3)
  A demonic plant (D:7)
  833 foxfires
  5 fungi
  13 plants
854 creatures vanquished.

Grand Total: 1137 creatures vanquished

Notes
Turn   | Place    | Note
-------+----------+-------------------------------------------
     0 | D:1      | octoduck the Deep Elf Fire Elementalist began the quest for
                  | the Orb.
     0 | D:1      | Reached XP level 1. HP: 10/10 MP: 6/6
    66 | D:1      | Reached XP level 2. HP: 11/15 MP: 0/8
   330 | D:1      | Learned a level 2 spell: Scorch
   611 | D:1      | Reached XP level 3. HP: 19/19 MP: 6/9
   922 | D:1      | Found a faded altar of an unknown god.
  1395 | D:2      | Reached skill level 1 in Armour
  1852 | D:2      | Reached XP level 4. HP: 24/24 MP: 8/10
  2146 | D:3      | Noticed Terence
  2311 | D:3      | Noticed Sigmund
  2501 | D:4      | Noticed an ogre
  2719 | D:3      | Reached XP level 5. HP: 28/28 MP: 9/11
  2796 | D:3      | Found a sparkling altar of Nemelex Xobeh.
  2799 | D:3      | Found a shimmering blue altar of Sif Muna.
  2809 | D:3      | Became a worshipper of Sif Muna the Loreminder
  2991 | D:4      | Killed an ogre
  2992 | D:4      | Reached skill level 5 in Fire Magic
  3079 | D:4      | Found a basalt altar of Yredelemnul.
  3204 | D:4      | Reached XP level 6. HP: 25/32 MP: 8/12
  3558 | D:5      | Entered Level 5 of the Dungeon
  3608 | D:5      | Reached skill level 3 in Dodging
  3774 | D:5      | Found a snail-covered altar of Cheibriados.
  3864 | D:5      | Identified the +2 whip "Kasme" {heavy, Will+}
  4272 | D:5      | Reached XP level 7. HP: 36/36 MP: 10/13
  4695 | D:6      | Reached skill level 4 in Dodging
  4695 | D:6      | Reached skill level 5 in Conjurations
  4906 | D:6      | Reached * piety under Sif Muna
  4956 | D:6      | Found a sand-covered staircase.
  5004 | Ossuary  | Entered an ossuary
  5923 | Ossuary  | Reached ** piety under Sif Muna
  7300 | Ossuary  | Reached skill level 5 in Dodging
  7651 | Ossuary  | Noticed Menkaure
  7658 | Ossuary  | Killed Menkaure
  7659 | Ossuary  | Reached XP level 8. HP: 41/41 MP: 8/14
  8232 | D:6      | Reached skill level 6 in Dodging
  8760 | D:6      | Found a staircase to the Ecumenical Temple.
  9067 | D:7      | Reached *** piety under Sif Muna
  9068 | D:7      | Reached skill level 7 in Dodging
  9262 | D:7      | Learned a level 4 spell: Flame Wave
  9467 | D:7      | Reached XP level 9. HP: 43/45 MP: 4/15
 10067 | D:3      | Found a white marble altar of Elyvilon.
 10207 | D:3      | Killed Terence
 10280 | D:3      | Found a bloodstained altar of Trog.
 10339 | D:3      | Found a glowing golden altar of the Shining One.
 10876 | D:3      | Killed Sigmund
 11224 | D:8      | Found a stormy altar of Qazlal.
 11282 | D:8      | Found an ornate altar of the Wu Jian Council.
 11335 | D:8      | Found an ancient bone altar of Kikubaaqudgha.
 11353 | D:8      | Reached skill level 8 in Dodging
 11429 | D:8      | Learned a level 3 spell: Call Canine Familiar
 11507 | D:8      | Found an opulent altar of Gozag.
 11531 | D:8      | Reached skill level 1 in Summonings
 11669 | D:8      | Found a burning altar of Makhleb.
 11748 | D:8      | Found a glowing golden altar of the Shining One.
 11867 | D:8      | Got Vusud's Dissertation on the Blink Frog and Aeromancy
 12030 | D:9      | Noticed Grum
 12424 | D:9      | Learned a level 3 spell: Kindle Blastsparks
 12449 | D:9      | Killed Grum
 12450 | D:9      | Reached skill level 9 in Dodging
 12450 | D:9      | Reached skill level 1 in Translocations
 12474 | D:9      | Reached skill level 1 in Air Magic
 12606 | D:9      | Reached **** piety under Sif Muna
 12848 | D:9      | Reached XP level 10. HP: 50/50 MP: 16/16
 13284 | D:9      | Found a staircase to the Lair.
 13642 | D:10     | Entered Level 10 of the Dungeon
 13670 | D:10     | Noticed Lodul
 13737 | D:9      | Noticed Pikel
 13759 | D:9      | Killed Pikel
 14090 | Lair:1   | Entered Level 1 of the Lair of Beasts
 14115 | Lair:1   | Noticed a black mamba
 14127 | D:9      | Reached skill level 10 in Dodging
 14264 | D:10     | Found a sacrificial altar of Ru.
 14851 | D:10     | Reached skill level 5 in Stealth
 15134 | D:10     | Found a shadowy altar of Dithmenos.
 15322 | D:10     | Found a broken altar of Ashenzari.
 15339 | D:9      | HP: 1/50 [poisoned by a killer bee]
 15868 | D:10     | Killed from afar by Lodul

Illustrated notes

Levels and vault maps discovered:
D:1:      minmay_arrival_open_corners, layout_rooms,
          hellmonk_ecumenical_altar_leap_of_faith
D:2:      layout_rooms, minmay_octomino_j4
D:3:      layout_basic, nicolae_elyvilon_peaceful_grove,
          trog_three_pillars_becter, tso_metal_star, grunt_temple_overflow_open,
          corner_web_ring, nrook_campfire, serial_bayou_lagoon_a, uniq_sigmund,
          uniq_terence
D:4:      layout_cave_pools, mainiacjoe_overflow_alcove_4, chequers_garden
D:5:      layout_basic, lemuel_doored_altar, grunt_ministairs_4,
          minmay_diced_spiral
D:6:      layout_rooms, minmay_temple_entry_fiery,
          nicolae_ossuary_entry_catacombs
D:7:      layout_basic, serial_demonic, serial_demonic_b, serial_demonic_d,
          serial_demonic_g, serial_demonic_d
D:8:      layout_rooms, nicolae_gozag_seed_capital,
          nicolae_overflow_crystal_walls, nicolae_kikubaaqudgha_miasma_corner,
          mainiacjoe_overflow_concentric_impassable, hangedman_feature_mirror
D:9:      layout_roguey, dpeg_oklobed_lair, enter_bailey_2, minmay_orc_keep,
          uniq_grum, uniq_pikel
D:10:     layout_cave_pools, cheibrodos_ashenzari_chains,
          mainiacjoe_overflow_catwalk, mainiacjoe_overflow_brackets,
          minmay_misc_feat_more_columns, uniq_lodul
Lair:1:   layout_cave_pods, gammafunk_ghost_wrathful_warriors

Skill      XL: |  1  2  3  4  5  6  7  8  9 10 |
---------------+-------------------------------+-----
Conjurations   | 2 3 4 5 7 8 |  8.2
Fire Magic     | 4 5 6 8 9 |  9.9
Armour         | 1 2 |  2.3
Dodging        | 3 5 7 9 10 | 10.1
Summonings     | 4 |  4.2
Translocations | 2 4 |  4.1
Air Magic      | 2 3 |  3.7
Stealth        | 5 |  5.7
Spellcasting   | |  3.0

Action                     |  1- 3 |  4- 6 |  7- 9 | 10-12 || total
---------------------------+-------+-------+-------+-------++-------
  Melee: Unarmed           |     4 |       |       |       ||     4
         Short sword       |     4 |     8 |       |       ||    12
         Punch             |       |     1 |       |       ||     1
         Whip              |       |     1 |     3 |       ||     4
   Cast: Foxfire           |    74 |    75 |   289 |    45 ||   483
         Scorch            |     6 |    13 |    99 |    20 ||   138
         Kindle Blastspark |       |       |       |    34 ||    34
         Call Canine Famil |       |       |       |     2 ||     2
         Flame Wave        |       |       |       |     2 ||     2
  Evoke: Wand              |       |       |     1 |       ||     1
    Use: Scroll            |     4 |     5 |    10 |     3 ||    22
         Potion            |       |       |     2 |     4 ||     6
 Armour: Robe              |    22 |     5 |    84 |    10 ||   121
         Skin              |       |       |    11 |     9 ||    20
  Dodge: Dodged            |    51 |    23 |   232 |    47 ||   353
  Block: Other             |       |    11 |    84 |    24 ||   119
         Reflection        |       |     1 |     2 |       ||     3

Table legend: (Time is in decaauts)
 A = Elapsed time spent in this place.
 B = Non-inter-level travel time spent in this place.
 C = Inter-level travel time spent in this place.
 D = Time resting spent in this place.
 E = Time spent auto-exploring this place.
 F = Levels seen in this place.
 G = Mean time per level.
                   A        B        C        D        E       F      G
               +--------+--------+--------+--------+--------+-----+--------+
         Total |  15915 |  14526 |   1389 |   4810 |   4188 |  12 | 1326.2 |
       Dungeon |  13189 |  11800 |   1389 |   3878 |   4057 |  10 | 1318.9 |
          Lair |     30 |     30 |      0 |      0 |      0 |   1 |   30.0 |
       Ossuary |   2694 |   2694 |      0 |    932 |    131 |   1 | 2694.0 |
               +--------+--------+--------+--------+--------+-----+--------+

Top non-repeatable levels by time:
 Ossuary: 2694 daAuts
     D:9: 2044 daAuts
     D:6: 1635 daAuts
     D:5: 1570 daAuts
     D:3: 1283 daAuts
     D:2: 1197 daAuts
     D:8: 1191 daAuts
    D:10: 1154 daAuts
     D:7: 1091 daAuts
     D:1: 1073 daAuts
     D:4: 947 daAuts
  Lair:1: 30 daAuts
